cohdb
Replays
Latest Replays
All Replays
Popular Replays
Top Player Replays
Match Explorer
How It Works
Community
CoH3 Stats
Reddit
Sign in to upload your games and track your stats! →
Sign in with Steam
Match 40968325
Unlisted
Match 40968325
Overview
Messages
Build Orders
End
250 Light Carrier
Selects Panzerjäger Kommand Battlegroup
Selects Panzerjäger Kommand Battlegroup
Selects Panzerjäger Kommand Battlegroup
Panzergrenadier Squad
Construct Light Support Kompanie
MG34 Team
Panzergrenadier Squad
Selects Tank Busters
2.5-tonne Medical Truck
MG34 Team
Panzerjäger Mechanized Group
Fire Support Elements
Construct Panzerarmee Kommand
Walking Stuka Rocket Launcher
MG34 Team
Assault Mechanized Group
Assault Grenadier Squad
Kradschützen Motorcycle Team
Armored Reserves
Tiger Heavy Tank
Walking Stuka Rocket Launcher
Panzerpioneer Squad
Assault Grenadier Squad
Walking Stuka Rocket Launcher
Panzerjäger Squad
Panzer IV Assault Group
士兵的勋章
暖暖似阳
嫂子开门我是我哥
小权
B1t
SkyCurv
VvvV
Dark Angels
0
0
Comments
sign in to comment!
No comments posted yet!